 Dungeon Crawl Stone Soup version 0.27.0-1-g7a089689b8 (webtiles) character file.

Game seed: 641775306395796082

105 ZARRMARR the Bolt Thrower (level 5, -3/31 HPs)
             Began as a Kobold Hunter on Aug 14, 2021.
             Was an Initiate of Okawaru.
             Killed by nerve-wracking pain
             ... invoked by Grinder
              (13 damage)
             ... on level 3 of the Dungeon.
             The game lasted 00:11:45 (3058 turns).

ZARRMARR the Bolt Thrower (Kobold Hunter)           Turns: 3058, Time: 00:11:45

Health: -3/31      AC:  4    Str: 10    XL:     5   Next: 8%
Magic:  5/5        EV: 14    Int: 12    God:    Okawaru [......]
Gold:   52         SH:  0    Dex: 16    Spells: 4/4 levels left

rFire    . . .     SeeInvis .   b - +0 short sword
rCold    . . .     Faith    .   (shield restricted)
rNeg     . . .     Spirit   .   c - +0 leather armour
rPois    .         Reflect  .   (no helmet)
rElec    .         Harm     .   (no cloak)
rCorr    .         Rampage  .   e - +0 pair of gloves
Will     .....                  (no boots)
Stlth    +++.......             (no amulet)
HPRegen  0.10/turn              (no ring)
MPRegen  0.09/turn              (no ring)

@: no status effects
A: small, no large weapons, nightstalker 3
a: Renounce Religion


You were on level 3 of the Dungeon.
You worshipped Okawaru.
Okawaru was noncommittal.
You visited 1 branch of the dungeon, and saw 3 of its levels.

You collected 52 gold pieces.

Inventory:

Hand Weapons
 a - a +1 hand crossbow
 b - a +0 short sword (weapon)
Missiles
 d - 19 bolts
Armour
 c - a +0 leather armour (worn)
 e - a +0 pair of gloves (worn)
Scrolls
 f - 2 scrolls of amnesia
Potions
 g - 2 potions of curing


   Skills:
 + Level 2.7 Fighting
 + Level 2.1 Short Blades
 + Level 5.2 Crossbows
 + Level 1.0 Armour
 + Level 2.9 Dodging
 * Level 3.8 Stealth


You had 4 spell levels left.
You didn't know any spells.
Your spell library contained the following spells:

 Spells                   Type           Power      Damage    Failure   Level
 Magic Dart               Conj           0%         1d3       41%         1
 Call Imp                 Summ           0%         N/A       56%         2
 Mephitic Cloud           Conj/Pois/Air  0%         N/A       80%         3


Dungeon Overview and Level Annotations

Branches:
Dungeon (3/15)

Altars:
Okawaru

Annotations:
D:2 Sigmund
D:3 Grinder


Innate Abilities, Weirdness & Mutations

You are small and have problems with some larger weapons.
You are completely attuned to the shadows.


Message History

The ball python is heavily wounded.
The ball python misses you. x2
You hit the ball python.
You kill the ball python!
Okawaru accepts your kill.
You closely miss the orc. The orc barely misses you.
You hit the orc but do no damage. The orc barely misses you.
You hit the orc but do no damage. The orc hits you with a +0 mace.
You hit the orc.
The orc is severely wounded.
The orc hits you with a +0 mace.
You hit the orc.
You kill the orc!
Okawaru accepts your kill.
Things that are here:
a +0 mace; an orc corpse; a ball python corpse You start resting.
HP restored.
Grinder comes into view.
Grinder shouts!
Grinder hits you!
You writhe in agony.
You hit Grinder.
Grinder is lightly wounded.
Grinder barely misses you.
You hit Grinder but do no damage.
Grinder is lightly wounded.
Grinder hits you!
You writhe in agony.
* * * LOW HITPOINT WARNING * * *
Your leather armour prevents you from hitting Grinder.
Grinder is lightly wounded.
Grinder says, "What is the universe for?"
Grinder closely misses you.
You barely miss Grinder.
Grinder is lightly wounded.
Grinder barely misses you.
You hit Grinder.
Grinder is lightly wounded.
Grinder gestures at you. Pain shoots through your body!
You die...

##.#...
......##
........
.#.#..##
........
#.
.##.....
#.##
.##.....
..#
.##.....
#5#
........
#@#
########
#.# #.#
#.# #.#
#.# #.#
#.## ##
#..# #


You could see Grinder.

Vanquished Creatures
  Jessica (D:2)
  An orc wizard (D:3)
  2 worms (D:2)
  5 orcs
  4 endoplasms
  A giant cockroach (D:2)
  2 goblins (D:1)
  A hobgoblin (D:2)
  2 kobolds
  2 quokkas
  4 ball pythons
  4 bats
  15 frilled lizards
  4 rats
48 creatures vanquished.

Vanquished Creatures (others)
  5 plants (D:1)
5 creatures vanquished.

Grand Total: 53 creatures vanquished

Notes
Turn   | Place    | Note
-------+----------+-------------------------------------------
     0 | D:1      | ZARRMARR the Kobold Hunter began the quest for the Orb.
     0 | D:1      | Reached XP level 1. HP: 12/12 MP: 1/1
   134 | D:1      | Reached skill level 5 in Crossbows
   492 | D:1      | Reached XP level 2. HP: 17/17 MP: 2/2
   743 | D:1      | Found a faded altar of an unknown god.
  1088 | D:2      | Found an iron altar of Okawaru.
  1093 | D:2      | Became a worshipper of Warmaster Okawaru
  1155 | D:2      | Reached XP level 3. HP: 22/22 MP: 3/3
  1246 | D:2      | Noticed Jessica
  1249 | D:2      | Killed Jessica
  1250 | D:2      | Reached skill level 1 in Short Blades
  1450 | D:2      | Reached XP level 4. HP: 27/27 MP: 4/4
  1818 | D:2      | Noticed Sigmund
  2623 | D:3      | Reached XP level 5. HP: 6/31 MP: 5/5
  2962 | D:3      | Reached skill level 1 in Armour
  3050 | D:3      | Noticed Grinder
  3058 | D:3      | Killed from afar by Grinder

Illustrated notes

Levels and vault maps discovered:
D:1:      minmay_arrival_checkered_box, layout_loops_ring,
          shapermc_ecumenical_altar_pompeii, minmay_lizard_king
D:2:      layout_basic, basic_altar, uniq_sigmund, uniq_terence, uniq_jessica
D:3:      layout_loops_ring, uniq_grinder

Skill      XL: |  1  2  3  4  5 |
---------------+----------------+-----
Crossbows      | 5 |  5.2
Stealth        | 2 3 |  3.8
Short Blades   | 1 2 |  2.1
Armour         | 1 |  1.0
Fighting       | |  2.7
Dodging        | |  2.9

Action                   |  1- 3 |  4- 6 || total
-------------------------+-------+-------++-------
Melee: Short sword       |    59 |   120 ||   179
 Fire: Hand crossbow     |     3 |     7 ||    10
  Use: Scroll            |     1 |     3 ||     4
       Potion            |       |     1 ||     1
 Stab: Sleeping          |    11 |     7 ||    18
       Distracted        |       |     2 ||     2
Armor: Leather armour    |    11 |    17 ||    28
Dodge: Dodged            |    25 |    63 ||    88
